Map: Jagannatha LE

Players

Reynor

  • Race: Zerg Zerg
  • League: Master
  • Spawn Location: 7:00

AGOElazer (Elazer) - Winner!

  • Race: Zerg Zerg
  • League: Master
  • Spawn Location: 1:00

Event: TSL 6

VOD

Have the link to the VOD?

Description

Time

  • Played on: Dec. 13, 2020, 6:02 p.m.
  • Length: 5:53

All games in this series

Show
View Real Time Build Order
Export as new Build Order

Reynor Zerg 

Build Orders: Hatch First 

Get SALT Encoding   

  12  0:00  Drone  
  13  0:12  Overlord  
  13  0:16  Drone  
  14  0:30  Drone x2  
  16  0:47  Hatchery  
  15  0:51  Drone  
  15  0:54  Drone  
  17  0:57  Drone  
  18  1:07  Extractor  
  17  1:13  Spawning Pool  
  17  1:16  Drone  
  17  1:20  Drone  
  18  1:28  Drone  
  19  1:39  Drone  
  20  1:49  Overlord  
  20  2:00  Queen x2  
  20  2:01  Zergling x4  
  26  2:08  Metabolic Boost  
  26  2:10  Drone  
  26  2:12  Drone  
  28  2:20  Drone  
  28  2:21  Drone  
  30  2:35  Hatchery  
  29  2:38  Drone  
  29  2:40  Drone  
  29  2:43  Drone  
  32  2:50  Drone  
  33  2:53  Baneling Nest  
  32  2:59  Drone  
  32  3:00  Overlord  
  33  3:06  Drone  
  33  3:09  Zergling x4  
  36  3:20  Zergling x8  
  36  3:21  Overlord  
  36  3:22  Drone  
  41  3:28  Evolution Chamber  
  41  3:30  Drone  
  41  3:33  Drone  
  41  3:34  Queen  
  42  3:37  Baneling x2  
  42  3:39  Drone x2  
  46  3:43  Drone x2  
  46  3:48  Overlord  
  48  3:50  Drone  
  48  3:58  Drone x4  
  48  3:59  Drone  
  50  4:06  Overlord  
  50  4:11  Zergling x4  
  50  4:14  Drone x2  
  54  4:20  Zergling x2  
  54  4:25  Drone x3  
  54  4:27  Extractor  
  54  4:28  Extractor  
  54  4:29  Roach Warren  
  54  4:30  Zergling x2  
  54  4:31  Zergling x2, Baneling x2  
  56  4:37  Drone x2  
  59  4:45  Zergling x6  
  59  4:46  Zergling x4, Queen  
  59  4:51  Overlord  
  58  5:00  Zergling x2  
  58  5:01  Zergling x12  
  65  5:07  Overlord  
  65  5:08  Spine Crawler  
  65  5:12  Zergling x4  
  64  5:15  Roach x3  
  64  5:19  Baneling x4  
  67  5:24  Roach x3  
  70  5:33  Zergling x4, Roach x2  
Show
View Real Time Build Order
Export as new Build Order

AGOElazer Zerg - Winner!

Build Orders: Hatch First 

Get SALT Encoding   

  12  0:00  Drone  
  13  0:12  Overlord  
  13  0:16  Drone  
  14  0:30  Drone x2  
  16  0:48  Hatchery  
  15  0:51  Drone  
  15  0:54  Drone  
  17  0:58  Drone  
  18  1:08  Extractor  
  17  1:13  Spawning Pool  
  17  1:17  Drone  
  17  1:20  Drone  
  18  1:27  Drone  
  19  1:38  Drone  
  20  1:49  Drone  
  21  2:00  Queen x2  
  21  2:01  Overlord, Drone  
  26  2:08  Metabolic Boost  
  26  2:11  Drone  
  26  2:12  Drone  
  28  2:22  Drone x2  
  30  2:33  Hatchery  
  30  2:35  Zergling x2  
  30  2:37  Zergling x2  
  30  2:44  Drone x2  
  33  2:47  Baneling Nest  
  32  2:53  Overlord  
  32  2:57  Zergling x2  
  33  3:04  Drone  
  34  3:06  Drone  
  34  3:09  Overlord, Drone  
  36  3:14  Drone x4  
  40  3:20  Drone x2  
  42  3:31  Zergling x4  
  42  3:33  Baneling  
  44  3:40  Roach Warren  
  43  3:42  Zergling x10  
  43  3:46  Baneling  
  47  3:53  Extractor  
  47  3:54  Overlord, Drone x3  
  46  4:03  Zergling x8  
  50  4:10  Overlord  
  50  4:17  Overlord  
  50  4:23  Roach x5  
  60  4:31  Roach x3  
  66  4:39  Roach x3  
  71  4:46  Zergling x10  
  71  4:52  Zergling x8  
  78  4:58  Zergling x2  
  78  5:02  Zergling x2  
  78  5:05  Zergling x2  
  79  5:07  Baneling x7  
  79  5:13  Baneling  
  79  5:14  Zergling x8  
  78  5:29  Zergling x10  
Tags
 
Add a new tag
Caveats
  • Supply blocks, unpowered buildings, or Contaminate may cause inaccurate times.
  • Supply counts are checked every 10 seconds.